 Dungeon Crawl Stone Soup version 0.31-a0-965-g8a8ce12e04 (webtiles) character file.

Game seed: 8965589121102125385

335445 Xavori the Spry (level 22, -10/162 HPs)
             Began as a Djinni Chaos Knight on Oct 26, 2023.
             Was a Favourite Plaything of Xom.
             Killed from afar by an ancient lich (87 damage)
             ... with a crystal spear
             ... on level 3 of the Crypt on Oct 27, 2023.
             The game lasted 01:12:27 (31926 turns).

Xavori the Spry (Djinni Chaos Knight)              Turns: 31926, Time: 01:12:29

Health: -10/162    AC: 25    Str: 15    XL:     22   Next: 85%
Gold:   5161       EV: 37    Int: 24    God:    Xom [.*....] SH: 15 Dex: 26

rFire   + + +        R - +9 double sword (freeze)
rCold   x . .        L - +0 kite shield
rNeg    + + .        A - +0 acid dragon scales
rPois   ∞            e - +5 helmet of Ignis's Condemnation {rN++}
rElec   +            W - +2 cloak {Stlth+}
rCorr   +            m - +1 pair of gloves of Card Tricks {Rampage rElec Regen+}
SInv    +            (boots unavailable)
Will    +++++        G - amulet of Yendor {rF++ Regen+ Int+4}
Stlth   +++          H - ring of the Hare {EV+10}
HPRegen 2.07/turn    x - ring of see invisible
MPRegen 0.00/turn

%: clarity, rampage, infuse magic (-11 HP)
@: flying, studying Ranged Weapons
A: sickness immunity, fire resistance 2, cold vulnerability 1, float, innate
caster, HP casting, extra vitality 1, iridescent scales 1, agile 2, clarity,
clever 2, strong-willed 3, strong 2, sturdy frame 1
}: 2/15 runes: silver, gossamer
a: Renounce Religion


You were on level 3 of the Crypt.
You worshipped Xom.
You were a plaything of Xom.
You visited 6 branches of the dungeon, and saw 34 of its levels.
You also visited: Sewer and Ossuary.

You collected 6677 gold pieces.
You spent 1516 gold pieces at shops.

Inventory:

Hand Weapons
 R - a +9 double sword of freezing (weapon)
Armour
 e - the +5 helmet of Ignis's Condemnation (worn) {rN++}
   (You found it on level 5 of the Vaults)

   rN++:      It greatly protects you from negative energy.
 m - the +1 pair of gloves of Card Tricks (worn) {Rampage rElec Regen+}
   (You acquired it on level 4 of the Dungeon)

   rElec:     It insulates you from electricity.
   Regen+:    It increases your rate of health regeneration.
   Rampage:   It bestows one free step when moving towards enemies.
 A - +0 acid dragon scales (worn)
 E - the +1 scale mail "Linuvel" {*Corrode rF- Str+6 Dex+8}
   (You found it on level 4 of the Vaults)

   Str+6:     It affects your strength (+6).
   Dex+8:     It affects your dexterity (+8).
   rF-:       It makes you vulnerable to fire.
   *Corrode:  It may corrode you when you take damage.
 L - a +0 kite shield (worn)
 O - a +4 chain mail of cold resistance
 W - a +2 cloak of stealth (worn)
Jewellery
 d - a ring of protection from cold
 x - a ring of see invisible (right hand)
 C - the ring of Uxis Vys {rN+ Int+3}
   (You found it on level 3 of the Crypt)

   [ring of positive energy]

   Int+3:     It affects your intelligence (+3).
   rN+:       It protects you from negative energy.
 D - the ring of the Kodama {rN+ Str+6}
   (You found it on level 3 of the Crypt)

   [ring of positive energy]

   Str+6:     It affects your strength (+6).
   rN+:       It protects you from negative energy.
 G - the amulet of Yendor (around neck) {rF++ Regen+ Int+4}
   (You found it on level 3 of the Crypt)

   [amulet of regeneration]

   Int+4:     It affects your intelligence (+4).
   rF++:      It greatly protects you from fire.
   Regen+:    It increases your rate of health regeneration.
 H - the ring of the Hare (left hand) {EV+10}
   (You acquired it on level 1 of the Dungeon)

   [ring of evasion]

   EV+10:     It affects your evasion (+10).
 K - a ring of resist corrosion
 N - a +5 ring of evasion
 S - the ring "Amood" {rN+ Will+ Slay+2}
   (You found it on level 3 of the Crypt)

   [ring of willpower]

   Slay+2:    It affects your accuracy & damage with ranged weapons and melee
   (+2).
   rN+:       It protects you from negative energy.
   Will+:     It increases your willpower.
 V - a +6 ring of dexterity
 X - a ring of fire
 Y - the ring "Impeuf" {rPois rCorr Slay+3}
   (You found it on level 5 of the Vaults)

   [ring of poison resistance]

   Slay+3:    It affects your accuracy & damage with ranged weapons and melee
   (+3).
   rPois:     It protects you from poison rCorr: It protects you from acid and
   corrosion.
Wands
 n - a wand of polymorph (14)
 s - a wand of iceblast (16)
 t - a wand of flame (44)
 z - a wand of light (27)
 M - a wand of mindburst (27)
 U - a wand of charming (21)
Scrolls
 a - 8 scrolls of immolation
 c - 4 scrolls of butterflies
 i - 5 scrolls of fog
 j - 21 scrolls of teleportation
 k - 6 scrolls of fear
 l - 3 scrolls of enchant armour
 o - 4 scrolls of revelation
 r - a scroll of brand weapon
 v - 7 scrolls of poison
 w - a scroll of silence
 y - 4 scrolls of blinking
 B - 2 scrolls of enchant weapon
Potions
 b - 2 potions of invisibility
 f - 8 potions of haste
 g - 6 potions of might
 h - 15 potions of curing
 p - 5 potions of cancellation
 q - 4 potions of lignification
 u - 5 potions of heal wounds
 F - 5 potions of mutation
 J - 5 potions of enlightenment
 Q - 10 potions of ambrosia
 T - 4 potions of brilliance


   Skills:
 + Level 15.4 Fighting
 + Level 14.2 Long Blades
 + Level 15.1 Armour
 + Level 16.5 Dodging
 + Level 13.6 Shields
 * Level 13.6 Spellcasting
 * Level 13.6 Conjurations
 * Level 13.6 Hexes
   Level 0.0 Charms
 * Level 13.6 Summonings
 * Level 13.6 Necromancy
 * Level 13.6 Translocations
 * Level 13.6 Transmutations
 * Level 13.6 Fire Magic
 * Level 13.6 Ice Magic
 * Level 13.6 Air Magic
 * Level 13.6 Earth Magic
 * Level 13.6 Poison Magic
 - Level 7.0 Evocations
 * Level 10.2 Shapeshifting


You knew the following spells:

 Your Spells              Type           Power      Damage    Failure   Level
a - Foxfire               Conj/Fire      100%       2x1d9     1%          1
b - Lesser Beckoning      Tloc           100%       N/A       1%          2
c - Ignite Poison         Fire/Tmut/Pois 70%        N/A       1%          3
d - Petrify               Tmut/Erth      70%        N/A       1%          4
e - Summon Ice Beast      Ice/Summ       70%        N/A       1%          4
f - Lee's Rapid Deconstr  Erth           35%        3d18*     1%          5
g - Death Channel         Necr           35%        N/A       4%          6
h - Eringya's Noxious Bo  Tmut/Pois      35%        4d6       4%          6
i - Malign Gateway        Summ/Tloc      35%        N/A       22%         7
j - Disjunction           Tloc           35%        N/A       87%         8
Your spell library was empty.

Dungeon Overview and Level Annotations

Branches:
Dungeon (15/15)            Temple (0/1) D:5            Lair (5/5) D:8
 Shoals (0/4) Lair:3       Spider (4/4) Lair:3        Slime (0/5) Lair:5
    Orc (2/2) D:9             Elf (0/3) Orc:2        Vaults (5/5) D:13
  Crypt (3/3) Vaults:2     Depths (0/4) D:15          Sewer (visited)
Ossuary (visited)
   Tomb: Crypt:3

Altars:
Ashenzari
Elyvilon
Hepliaklqana
Makhleb
Nemelex Xobeh
Qazlal
Ru
Uskayaw
Xom
Yredelemnul
Jiyva
Lugonu

Shops:
D:1 *   D:3 [   D:5 ::   D:6 !   D:10 ?   D:13 *   Orc:2 ?:[=   Vaults:2 (
Vaults:4 [

Portals:
Abyss: Lair:5
Trove: Vaults:2 (give 4 scrolls of blinking)

Annotations:
D:7 2 transporters, awesomeguy42's ghost, novice HuNe
Orc:1 2 transporters
Abyss:1 Pargi


Innate Abilities, Weirdness & Mutations

You are immune to sickness and miasma.
You are immune to poison.
Your flesh is very heat resistant. (rF++)
You are vulnerable to cold. (rC-)
You float through the air rather than walking.
You learn spells naturally, not from books.
Your magical power is your life essence.
You have superior vitality. (+4 MHP)
You are partially covered in iridescent scales. (AC +2)
You are very agile. (Dex +8, Str/Int -2)
You possess an exceptional clarity of mind.
Your mind is very acute. (Int +8, Str/Dex -2)
You are extremely strong-willed. (Will+++)
Your muscles are very strong. (Str +8, Int/Dex -2)
Your movements are slightly less encumbered by armour. (ER -2)


Message History

Unknown command.
You hit the ancient lich but do no damage.
The ancient lich is severely damaged.
You block the ancient lich's attack.
Your ufetubus hits the ancient lich.
Your ufetubus closely misses the ancient lich.
The ancient lich completely misses you. x2
You closely miss the ancient lich.
The ancient lich is severely damaged.
Your ufetubus closely misses the ancient lich.
Your ufetubus hits the ancient lich but does no damage.
You block the ancient lich's attack.
The ancient lich mumbles some strange words.
The ancient lich seems to speed up.
You slice the ancient lich!! You freeze the ancient lich.
You destroy the ancient lich!
The ancient lich gestures at you while chanting.
The crystal spear hits you!!!!
You slice the ancient lich!!
The ancient lich is moderately damaged.
The ancient lich completely misses you.
You slice the ancient lich like a ripe choko!!!
You freeze the ancient lich.
The ancient lich is heavily damaged.
Xom momentarily opens a gate.
The ancient lich completely misses you. The ancient lich barely misses you.
You slash the ancient lich!
The ancient lich is severely damaged.
The ancient lich casts a spell at you. You block the crystal spear.
You slice the ancient lich!! You freeze the ancient lich.
The ancient lich is almost destroyed.
You block the ancient lich's attack.
Your crimson imp barely misses the ancient lich.
You closely miss the ancient lich.
The ancient lich is almost destroyed.
The ancient lich points at you and mumbles some strange words.
The crystal spear hits you!!!!
Ouch! That really hurt!
You die...
Xom thinks this is hilarious!

####### ......L #####
.==")(. ....# =))⌠)$$ #..#
.()=[$.##..##
............#
.#####...5..#
##...####L###
#.....##.5@##
###'######55# ##...## #5.#
##.....####.##
#.......#⌠#.##############
+...#...'.#.........'....#
#.......#.###########....#
##..)..##.....##23# #....#
##...#######..##..##....#


You could see an ancient lich (fast, invisible), 2 friendly crimson imps, 2
friendly shadow imps and a friendly ufetubus (summoned).

Vanquished Creatures
  3 ancient liches
  Jorgrun (Spider:3)
  The ghost of questionabletactics the Peltast, an adept BaCA of Ignis (Spider:4)
  5 liches
  2 titans (Vaults:5)
  A quicksilver dragon (Vaults:1)
  4 sphinxes
  2 ancient champions (Crypt:2)
  5 shadow dragons
  2 storm dragons (Vaults:4)
  5 tengu reavers
  5 emperor scorpions
  A frost giant (Vaults:5)
  13 vault wardens
  An iron dragon (Vaults:5)
  A curse skull (Crypt:2)
  6 ghost moths
  A cacodemon (Crypt:3)
  An orc warlord (Vaults:3)
  A reaper (Crypt:3)
  2 ghouls
  3 broodmothers
  6 ironbound thunderhulks
  17 ironbound preservers
  5 stone giants
  4 very ugly things
  A formless jellyfish (Vaults:1)
  4 war gargoyles
  Azrael (D:13)
  10 dire elephants
  3 vampire knights
  A deep elf annihilator (Vaults:5)
  4 ettins
  4 deep elf death magi
  2 eidola
  2 crystal guardians (Vaults:4)
  3 jiangshi
  12 yaktaur captains
  6 entropy weavers
  A hydra (D:15)
  6 great orbs of eyes
  39 vault guards
  2 deep elf high priests (Vaults:5)
  A caustic shrike simulacrum (Crypt:1)
  3 jorogumos
  A hydra (shapeshifter) (Vaults:5)
  A peacekeeper (Vaults:4)
  4 ogre magi
  6 ironbound frosthearts
  4 radroaches
  16 two-headed ogres
  13 centaur warriors
  A boulder beetle (D:14)
  4 death knights
  6 demonic crawlers
  A deep troll earth mage (Vaults:2)
  3 thrashing horrors (Lair:5)
  4 vampire magi (Crypt:1)
  An occultist (D:15)
  5 tengu warriors (D:15)
  A hell knight (Vaults:4)
  4 soul eaters
  A skyshark (shapeshifter) (Vaults:4)
  A large abomination (Lair:5)
  A storm dragon skeleton (Crypt:2)
  21 skeletal warriors
  Lodul (D:10)
  4 pharaoh ants
  5 flayed ghosts
  29 deep trolls
  7 orc knights
  7 orb spiders
  21 ironbound convokers
  15 phantasmal warriors
  28 wolf spiders
  A deep elf pyromancer (D:13)
  5 arcanists
  5 lindwurms (Vaults:3)
  6 harpies (Vaults:2)
  10 necromancers
  5 steelbarb worms
  22 ugly things
  3 manticores (D:12)
  7 cyclopes
  A naga zombie (Crypt:1)
  13 elephants
  An iron dragon skeleton (Crypt:1)
  10 vault sentinels
  A moth of wrath (shapeshifter) (Lair:5)
  3 moths of wrath
  3 torpor snails
  7 black mambas
  A water nymph (Vaults:3)
  2 smoke demons (Lair:5)
  A centaur skeleton (Crypt:3)
  A gargoyle (D:13)
  Jeremiah (D:9)
  10 cane toads
  A rime drake (shapeshifter) (D:15)
  2 efreet (D:14)
  A rime drake (Lair:1)
  Maggie (D:7)
  A grey draconian zombie (Crypt:2)
  22 yaktaurs
  6 freezing wraiths
  2 kobold demonologists (D:11)
  6 komodo dragons
  A sea snake zombie (Crypt:2)
  2 tengu conjurers (D:14)
  A catoblepas skeleton (Crypt:2)
  A sea snake skeleton (Crypt:2)
  10 hellwings (Crypt:3)
  A hornet (D:9)
  6 meliai
  A queen bee (Lair:4)
  12 trolls
  A polar bear (shapeshifter) (D:13)
  2 polar bears
  3 raiju (Lair:5)
  24 tarantellas
  A culicivora zombie (Crypt:2)
  A raiju (shapeshifter) (D:3)
  A glass eye (Spider:1)
  5 dream sheep (Lair:5)
  A tarantella (shapeshifter) (Vaults:2)
  28 blink frogs
  26 jumping spiders
  A snapping turtle (shapeshifter) (Vaults:5)
  A hydra skeleton (Crypt:3)
  Sigmund (D:2)
  18 culicivoras
  37 slime creatures
  2 shadows
  2 wyverns (D:9)
  A spriggan (Lair:5)
  2 centaur simulacra
  2 ettin skeletons
  25 yaks
  A basilisk (shapeshifter) (Vaults:5)
  A hog (shapeshifter) (D:6)
  8 wraiths
  A wind drake skeleton (Crypt:1)
  A golden eye (D:8)
  A golden eye (shapeshifter) (Lair:5)
  7 basilisks
  2 steam dragons
  41 redbacks
  4 vampire mosquitoes
  3 chaos spawn (Lair:5)
  4 wargs
  A swamp worm (shapeshifter) (Vaults:5)
  4 hell hounds
  A naga skeleton (Crypt:3)
  A sky beast (D:8)
  24 orc warriors
  16 water moccasins
  2 black bears
  6 ice beasts
  32 wolves
  A swamp dragon skeleton (Crypt:2)
  11 small abominations (Lair:5)
  14 centaurs
  24 ogres
  A blink frog skeleton (Crypt:2)
  2 phantoms
  9 bullfrogs
  4 kobold brigands
  2 gnoll sergeants
  3 scorpions
  3 water moccasin zombies (Ossuary)
  A wyvern skeleton (Crypt:3)
  4 wyvern zombies (Ossuary)
  8 wights
  A queen bee zombie (Crypt:2)
  23 killer bees
  8 howler monkeys
  An electric eel (D:9)
  4 centaur zombies (Ossuary)
  A hound (D:5)
  2 bullfrog zombies (Ossuary)
  14 orc priests
  17 jellies
  15 mummies (Ossuary)
  A sleepcap (D:5)
  A scorpion zombie (Crypt:1)
  Ijyb (D:4)
  7 iguanas
  12 orc wizards
  Terence (D:2)
  3 killer bee zombies (Ossuary)
  Robin (D:2)
  A hound skeleton (Crypt:1)
  A howler monkey zombie (Ossuary)
  10 gnolls
  8 adders
  2 white imps
  A worm zombie (D:8)
  A worm (D:2)
  5 dart slugs
  56 orcs
  12 endoplasms
  5 giant cockroaches
  12 goblins
  12 hobgoblins
  6 jackals (D:1)
  12 kobolds
  3 quokkas (D:3)
  7 ball pythons
  5 bats
  8 frilled lizards
  A kobold skeleton (Crypt:1)
  A kobold zombie (D:8)
  4 rats
1334 creatures vanquished.

Vanquished Creatures (collateral kills)
  A shadow dragon (Vaults:5)
  A fire giant (Vaults:5)
  2 ironbound preservers
  An ironbound thunderhulk (Vaults:1)
  A yaktaur captain (Vaults:3)
  A great orb of eyes (Vaults:1)
  2 spriggan zombies (Crypt:1)
  2 death knights (Crypt:1)
  A vampire mage (Crypt:1)
  A tengu warrior (D:15)
  A demonic crawler (Spider:2)
  A soul eater (Crypt:1)
  An arcanist (Vaults:2)
  An ironbound convoker (Vaults:1)
  A phantasmal warrior (Crypt:1)
  A necromancer (Crypt:1)
  An orc knight (Vaults:3)
  3 harpies (Vaults:2)
  A black mamba (Lair:1)
  3 yaktaurs
  A sea snake skeleton (Crypt:1)
  2 tarantellas (Spider:2)
  3 yaks (Lair:2)
  2 wraiths (Crypt:1)
  Grum (D:8)
  3 ogres (D:10)
  A torpor snail zombie (Crypt:1)
  4 wolves (D:8)
  An elf skeleton (Crypt:1)
  An orc priest (D:15)
  2 gnolls (D:8)
  2 orcs (D:15)
50 creatures vanquished.

Vanquished Creatures (others)
  A tengu reaver (Vaults:2)
  An ironbound preserver (Vaults:3)
  An ogre mage (Vaults:1)
  A dancing weapon (D:10)
  Sonja (D:10)
  2 deep trolls
  3 harpies (Vaults:2)
  A steelbarb worm (Spider:1)
  A yaktaur (Vaults:1)
  3 tarantellas (Spider:1)
  A wraith (Crypt:2)
  2 yaks (D:10)
  A redback (Spider:1)
  A wolf (D:8)
  A centaur (Lair:2)
  A kobold brigand (D:10)
  A yak skeleton (Crypt:1)
  An orc wizard (Orc:2)
  3 kobolds (D:10)
  A kobold zombie (D:1)
28 creatures vanquished.

Grand Total: 1412 creatures vanquished

Notes
Turn   | Place    | Note
-------+----------+-------------------------------------------
     0 | D:1      | Xavori the Djinni Chaos Knight began the quest for the Orb.
     0 | D:1      | Reached XP level 1. HP: 20/20 MP: 0/0
    47 | D:1      | XOM: divination: detect creatures
   125 | D:1      | XOM: smoke on damage
   160 | D:1      | Reached XP level 2. HP: 25/25 MP: 0/0
   231 | D:1      | XOM: silly message
   266 | D:1      | Reached XP level 3. HP: 29/30 MP: 0/0
   266 | D:1      | Learned a level 1 spell: Foxfire
   391 | D:1      | Reached skill level 1 in Spellcasting
   391 | D:1      | Reached skill level 1 in Conjurations
   391 | D:1      | Reached skill level 1 in Hexes
   391 | D:1      | Reached skill level 1 in Summonings
   391 | D:1      | Reached skill level 1 in Necromancy
   391 | D:1      | Reached skill level 1 in Translocations
   391 | D:1      | Reached skill level 1 in Transmutations
   391 | D:1      | Reached skill level 1 in Fire Magic
   391 | D:1      | Reached skill level 1 in Ice Magic
   391 | D:1      | Reached skill level 1 in Air Magic
   391 | D:1      | Reached skill level 1 in Earth Magic
   391 | D:1      | Reached skill level 1 in Poison Magic
   582 | D:1      | Found Juohepp's General Store.
   685 | D:1      | XOM: scenery: summon butterflies
   778 | D:1      | XOM: divination: detect items
   961 | D:2      | Reached XP level 4. HP: 20/35 MP: 0/0
  1035 | D:1      | XOM: silly message
  1178 | D:1      | XOM: silly message
  1314 | D:1      | XOM: scenery: summon butterflies
  1512 | D:1      | XOM: give mutations
  1512 | D:1      | Gained mutation: You expend health (3 HP) to strengthen
                  | your wands. [Xom's mischief]
  1512 | D:1      | Gained mutation: You are agile. (Dex +4, Str/Int -1) [Xom's
                  | mischief]
  1512 | D:1      | Gained mutation: You are partially covered in iridescent
                  | scales. (AC +2) [Xom's mischief]
  1512 | D:1      | Gained mutation: Your mind is acute. (Int +4, Str/Dex -1)
                  | [Xom's mischief]
  1684 | D:2      | Noticed Terence
  1704 | D:2      | XOM: smoke on damage
  1705 | D:2      | Killed Terence
  1743 | D:2      | XOM: scenery: create altars
  1827 | D:2      | XOM: god gift: 3 boomerangs
  1914 | D:2      | Reached XP level 5. HP: 36/40 MP: 0/0
  1914 | D:2      | Learned a level 2 spell: Lesser Beckoning
  1969 | D:2      | Noticed Robin
  1979 | D:2      | Reached skill level 3 in Dodging
  2252 | D:2      | Killed Robin
  2261 | D:2      | XOM: cloud trail
  2365 | D:2      | Noticed Sigmund
  2716 | D:2      | XOM: cleaving
  2800 | D:2      | Killed Sigmund
  2801 | D:2      | Reached XP level 6. HP: 37/47 MP: 0/0
  2878 | D:2      | XOM: give mutations
  2878 | D:2      | Gained mutation: You are partially covered in large bone
                  | plates. (SH +4) [Xom's grace]
  2878 | D:2      | Gained mutation: You have sharp fingernails. [Xom's grace]
  2878 | D:2      | Gained mutation: You passively dampen the noise of your
                  | surroundings. [Xom's grace]
  2878 | D:2      | Gained mutation: You have a somewhat thin skeletal
                  | structure. (Dex +2, Stealth+) [Xom's grace]
  3064 | D:3      | XOM: noise
  3217 | D:3      | Found Zekoelu's Armour Shop.
  3243 | D:3      | XOM: cloud trail
  3253 | D:3      | XOM: scenery: create altars
  3311 | D:3      | a quokka changed into a shapeshifter
  3311 | D:3      | Noticed a shapeshifter (shapeshifter)
  3311 | D:3      | a shapeshifter changed into a raiju
  3311 | D:3      | Noticed a raiju (shapeshifter)
  3321 | D:3      | XOM: enchant monster (good)
  3333 | D:3      | Killed a raiju
  3334 | D:3      | Reached skill level 4 in Dodging
  3334 | D:3      | Reached XP level 7. HP: 36/52 MP: 0/0
  3334 | D:3      | Learned a level 3 spell: Ignite Poison
  3488 | D:3      | XOM: scenery: create altars
  3932 | D:4      | Noticed a water moccasin
  3947 | D:3      | Killed a water moccasin
  4018 | D:4      | Identified a scroll of acquirement
  4019 | D:4      | Acquired the +1 pair of gloves of Card Tricks {Rampage
                  | rElec Regen+}
  4045 | D:4      | Noticed a water moccasin
  4049 | D:4      | XOM: scenery: create altars
  4054 | D:4      | XOM: scenery: summon butterflies
  4068 | D:4      | Killed a water moccasin
  4069 | D:4      | Reached XP level 8. HP: 35/58 MP: 0/0
  4110 | D:4      | Noticed a +0 short sword
  4111 | D:4      | Noticed a +0 falchion
  4112 | D:4      | Noticed a +0 dagger
  4112 | D:4      | Noticed a +0 spear
  4112 | D:4      | Noticed a +0 falchion
  4112 | D:4      | Noticed a +0 short sword
  4113 | D:4      | Noticed a +0 spear
  4114 | D:4      | Found a hide-covered altar of Uskayaw.
  4114 | D:4      | Noticed a +0 dagger
  4188 | D:4      | Identified the +4 flail of Dividends {pain, MP+9 Int+5}
  4213 | D:4      | Noticed Ijyb
  4217 | D:4      | Found a glowing drain.
  4228 | D:4      | Killed Ijyb
  4253 | Sewer    | Entered a sewer
  4393 | Sewer    | Noticed Pargi
  4403 | Sewer    | XOM: summons friendly ice devil
  4414 | Sewer    | Banished Pargi
  4511 | D:4      | Found a hazy altar of Hepliaklqana.
  4736 | D:5      | Entered Level 5 of the Dungeon
  4814 | D:5      | Reached skill level 5 in Fighting
  4918 | D:5      | Found Rixommar's Book Boutique.
  4928 | D:5      | Reached skill level 5 in Dodging
  5006 | D:5      | Found Jem Dank's Book Shoppe.
  5016 | D:5      | XOM: give mutation
  5016 | D:5      | Gained mutation: You possess an exceptional clarity of
                  | mind. [Xom's grace]
  5017 | D:5      | XOM: enchant monster (good)
  5022 | D:5      | XOM: enchant monster (bad)
  5069 | D:5      | XOM: swap monsters
  5132 | D:5      | Found a staircase to the Ecumenical Temple.
  5132 | D:5      | Found a faded altar of an unknown god.
  5142 | D:5      | Reached XP level 9. HP: 65/65 MP: 0/0
  5142 | D:5      | Learned a level 4 spell: Petrify
  5327 | D:6      | Found Plog's Distillery.
  5332 | D:6      | Bought a potion of heal wounds for 55 gold pieces
  5374 | D:6      | XOM: swap monsters
  5385 | D:6      | Reached skill level 5 in Long Blades
  5385 | D:6      | Reached skill level 1 in Evocations
  5544 | D:6      | XOM: 5-stop teleportation journey
  5544 | D:6      | Noticed a hornet
  5560 | D:6      | a hornet changed into a shapeshifter
  5560 | D:6      | XOM: polymorph hornet -> shapeshifter
  5567 | D:6      | XOM: silly message
  5575 | D:6      | XOM: 3-stop teleportation journey
  5920 | D:6      | XOM: torment (34/66 hp)
  5935 | D:6      | XOM: silly message
  5975 | D:6      | Reached skill level 5 in Armour
  6086 | D:7      | XOM: smoke on damage
  6094 | D:7      | Reached skill level 6 in Dodging
  6095 | D:7      | XOM: stat loss: -1 Int (17/18)
  6195 | D:7      | XOM: swap monsters
  6232 | D:7      | Found a broken altar of Ashenzari.
  6305 | D:7      | Reached XP level 10. HP: 72/72 MP: 0/0
  6335 | D:7      | Noticed a manticore
  6342 | D:7      | Found a transporter.
  6345 | D:7      | Noticed awesomeguy42's ghost (novice HuNe)
  6350 | D:7      | Found a transporter.
  6360 | D:7      | Noticed Maggie
  6363 | D:7      | XOM: stat loss: -1 Int (17/18)
  6396 | D:7      | Killed Maggie
  6427 | D:7      | Reached skill level 5 in Spellcasting
  6427 | D:7      | Reached skill level 5 in Conjurations
  6427 | D:7      | Reached skill level 5 in Hexes
  6427 | D:7      | Reached skill level 5 in Summonings
  6427 | D:7      | Reached skill level 5 in Necromancy
  6427 | D:7      | Reached skill level 5 in Translocations
  6427 | D:7      | Reached skill level 5 in Transmutations
  6427 | D:7      | Reached skill level 5 in Fire Magic
  6427 | D:7      | Reached skill level 5 in Ice Magic
  6427 | D:7      | Reached skill level 5 in Air Magic
  6427 | D:7      | Reached skill level 5 in Earth Magic
  6427 | D:7      | Reached skill level 5 in Poison Magic
  6488 | D:7      | Found a sacrificial altar of Ru.
  6488 | D:7      | XOM: give mutations
  6488 | D:7      | Lost mutation: Your mind is acute. (Int +4, Str/Dex -1)
                  | [Xom's mischief]
  6488 | D:7      | Lost mutation: You expend health (3 HP) to strengthen your
                  | wands. [Xom's mischief]
  6609 | D:7      | XOM: give mutations
  6609 | D:7      | Gained mutation: Your muscles are strong. (Str +4, Int/Dex
                  | -1) [Xom's mischief]
  6609 | D:7      | Lost mutation: Your muscles are strong. (Str +4, Int/Dex
                  | -1) [Xom's mischief]
  6630 | D:8      | Found a sand-covered staircase.
  6647 | Ossuary  | Entered an ossuary
  6771 | Ossuary  | XOM: swap monsters
  6853 | Ossuary  | XOM: blink monster(s)
  6880 | Ossuary  | XOM: 1-stop teleportation journey
  6902 | Ossuary  | XOM: cleaving
  6953 | Ossuary  | XOM: give mutations
  6953 | Ossuary  | Gained mutation: You expend health (3 HP) to strengthen
                  | your wands. [Xom's grace]
  6953 | Ossuary  | Gained mutation: Your muscles are strong. (Str +4, Int/Dex
                  | -1) [Xom's grace]
  6970 | Ossuary  | XOM: summons 2 hostile shadow creatures
  7066 | Ossuary  | XOM: god gift: amulet of regeneration
  7088 | Ossuary  | Identified the of Ukumomo (You acquired it in an ossuary)
  7088 | Ossuary  | Acquired 684 gold pieces
  7120 | D:7      | XOM: give mutations
  7120 | D:7      | Gained mutation: Your spells are a little harder to cast,
                  | but a little more powerful. [Xom's grace]
  7120 | D:7      | Gained mutation: Your muscles are very strong. (Str +8,
                  | Int/Dex -2) [Xom's grace]
  7120 | D:7      | Gained mutation: You are mostly covered in large bone
                  | plates. (SH +6) [Xom's grace]
  7120 | D:7      | Gained mutation: You are very agile. (Dex +8, Str/Int -2)
                  | [Xom's grace]
  7155 | D:5      | XOM: scenery: create altars
  7158 | D:5      | XOM: scenery: create altars
  7198 | D:3      | XOM: summons 3 hostile shadow creatures
  7285 | D:1      | Bought a scroll of teleportation for 30 gold pieces
  7285 | D:1      | Bought a scroll of brand weapon for 95 gold pieces
  7285 | D:1      | Bought a scroll of acquirement for 520 gold pieces
  7285 | D:1      | Acquired the ring of the Hare {EV+10}
  7285 | D:1      | Found the ring of the Hare {EV+10}
  7442 | D:8      | Noticed a rime drake
  7444 | D:8      | XOM: enchant monster (good)
  7446 | D:8      | XOM: enchant monster (good)
  7448 | D:8      | a rime drake changed into a golden eye
  7470 | D:8      | XOM: noise
  7476 | D:8      | XOM: noise
  7494 | D:8      | Reached skill level 7 in Dodging
  7495 | D:8      | XOM: potion effect (invisibility)
  7501 | D:8      | XOM: cast spell 'Cause Fear'
  7516 | D:8      | Found a staircase to the Lair.
  7532 | D:8      | XOM: enchant monster (bad)
  7649 | D:8      | Noticed Grum
  7652 | D:8      | Reached XP level 11. HP: 79/79 MP: 0/0
  7652 | D:8      | Learned a level 4 spell: Summon Ice Beast
  7655 | D:8      | Killed Grum
  7688 | D:8      | Found a burning altar of Makhleb.
  8284 | D:9      | Found a shimmering altar of Xom.
  8344 | D:9      | XOM: summons 2 friendly demons
  8371 | D:9      | XOM: cloud trail
  8396 | D:9      | XOM: scenery: 1 doors open
  8510 | D:9      | XOM: enchant monster (bad)
  8533 | D:9      | XOM: polymorph orc -> killer bee
  8534 | D:9      | XOM: draining
  8569 | D:9      | Noticed Joseph
  8581 | D:9      | Joseph changed into Joseph the black mamba
  8581 | D:9      | Noticed Joseph
  8581 | D:9      | XOM: polymorph Joseph -> Joseph the black mamba
  8588 | D:9      | Killed Joseph the black mamba
  8744 | D:9      | XOM: 5-stop teleportation journey
  8756 | D:9      | Reached skill level 5 in Evocations
  8854 | D:9      | Found a stormy altar of Qazlal.
  8854 | D:9      | Noticed Jeremiah
  8854 | D:9      | XOM: 6-stop teleportation journey
  8862 | D:9      | Killed Jeremiah
  8984 | D:9      | Found a staircase to the Orcish Mines.
  9006 | D:9      | XOM: noise
  9115 | D:10     | Entered Level 10 of the Dungeon
  9204 | D:10     | Noticed Lodul
  9206 | D:10     | Reached skill level 1 in Shields
  9222 | D:10     | XOM: destruction
  9232 | D:10     | XOM: confuse monster(s)
  9236 | D:10     | XOM: enchant monster (bad)
  9238 | D:10     | Killed Lodul
  9239 | D:10     | Reached skill level 8 in Dodging
  9254 | D:10     | Noticed a two-headed ogre
  9264 | D:10     | Killed a two-headed ogre
  9325 | D:10     | You are sucked into a shaft and drop 3 floors!
  9330 | D:13     | Found Mixutzach's Assorted Antiques.
  9333 | D:13     | Bought a potion of haste for 230 gold pieces
  9333 | D:13     | Bought a fizzy clear potion for 20 gold pieces
  9359 | D:13     | Noticed a deep elf pyromancer
  9366 | D:12     | Noticed Azrael
  9366 | D:12     | Noticed a manticore
  9366 | D:12     | XOM: confuse monster(s)
  9383 | D:13     | Killed a deep elf pyromancer
  9385 | D:13     | XOM: silly message
  9403 | D:13     | Found a gate to the Vaults.
  9403 | D:13     | Noticed a vault guard
  9403 | D:13     | Noticed a vault guard
  9403 | D:13     | Noticed a vault guard
  9403 | D:13     | Noticed a vault guard
  9404 | D:13     | Noticed a vault guard
  9404 | D:13     | Noticed a vault guard
  9404 | D:13     | Noticed a vault guard
  9404 | D:13     | Noticed a vault guard
  9414 | D:13     | XOM: divination: detect creatures
  9420 | D:13     | Killed a vault guard
  9421 | D:13     | Reached XP level 12. HP: 74/86 MP: 0/0
  9436 | D:13     | XOM: potion effect (attraction)
  9437 | D:13     | Killed a vault guard
  9438 | D:13     | Lost mutation: You have sharp fingernails. [potion of
                  | mutation]
  9438 | D:13     | Lost mutation: You expend health (3 HP) to strengthen your
                  | wands. [potion of mutation]
  9438 | D:13     | Lost mutation: You passively dampen the noise of your
                  | surroundings. [potion of mutation]
  9438 | D:13     | XOM: cast spell 'Leda's Liquefaction'
  9445 | D:13     | Killed a vault guard
  9450 | D:13     | XOM: smoke on damage
  9451 | D:13     | XOM: cast spell 'Olgreb's Toxic Radiance'
  9453 | D:13     | Killed a vault guard
  9459 | D:13     | Killed a vault guard
  9466 | D:13     | Killed a vault guard
  9473 | D:13     | XOM: cast spell 'Leda's Liquefaction'
  9481 | D:13     | Killed a vault guard
  9504 | D:13     | XOM: god gift: glowing chain mail {god gift}
  9506 | D:13     | XOM: god gift: scale mail {god gift}
  9520 | D:13     | XOM: god gift: scroll of fog
  9538 | D:13     | Killed a vault guard
  9560 | D:13     | Noticed an ogre mage
  9563 | D:13     | Noticed a two-headed ogre
  9563 | D:13     | Noticed a two-headed ogre
  9571 | D:13     | Noticed a skeletal warrior
  9587 | D:13     | Killed a two-headed ogre
  9600 | D:13     | XOM: potion effect (brilliance)
  9601 | D:13     | Killed an ogre mage
  9605 | D:13     | Killed a two-headed ogre
  9623 | D:12     | XOM: cleaving
  9626 | D:13     | XOM: summons friendly crimson imp
  9634 | D:13     | Reached skill level 9 in Dodging
  9670 | D:13     | XOM: fog
  9685 | D:13     | Killed Azrael
  9723 | D:12     | Reached XP level 13. HP: 93/93 MP: 0/0
  9723 | D:12     | Learned a level 5 spell: Lee's Rapid Deconstruction
  9724 | D:12     | XOM: cleaving
  9847 | D:10     | Noticed Sonja
  9851 | D:10     | Killed Sonja
  9851 | D:10     | XOM: divine lightning
  9857 | D:10     | XOM: enchant monster (good)
  9865 | D:10     | XOM: divine lightning
  9938 | D:10     | XOM: cleaving
 10206 | D:10     | Found Foshraran's Magic Scroll Shoppe.
 10215 | D:10     | Bought a scroll of fear for 64 gold pieces
 10215 | D:10     | Bought a scroll of teleportation for 48 gold pieces
 10244 | D:10     | Found a white marble altar of Elyvilon.
 10255 | D:10     | XOM: fake destruction
 10364 | Lair:1   | Entered Level 1 of the Lair of Beasts
 10392 | Lair:1   | XOM: divination: detect creatures
 10400 | Lair:1   | XOM: scenery: create altars
 10416 | Lair:1   | XOM: silly message
 10581 | Lair:1   | XOM: divination: detect items
 10593 | Lair:1   | XOM: divination: detect creatures
 10601 | Lair:1   | XOM: confuse monster(s)
 10663 | Lair:1   | XOM: noise
 10667 | Lair:1   | XOM: stat loss: -1 Int (11/12)
 10670 | Lair:1   | XOM: 2-stop teleportation journey
 10906 | Lair:1   | Reached skill level 5 in Shields
 11137 | Lair:1   | XOM: scenery: 1 doors open
 11223 | Lair:1   | XOM: god gift: 60 gold pieces
 11286 | Lair:1   | XOM: give mutation
 11338 | Lair:1   | XOM: god gift: +2 double sword of chaos
 11390 | Lair:2   | XOM: 4-stop teleportation journey
 11415 | Lair:2   | XOM: cast spell 'Summon Mana Viper'
 11449 | Lair:2   | XOM: destruction
 11460 | Lair:2   | XOM: summons friendly ufetubus
 11463 | Lair:2   | XOM: enchant monster (good)
 11501 | Lair:2   | XOM: 6-stop teleportation journey
 11526 | Lair:2   | XOM: cast spell 'Death Channel'
 11778 | Lair:2   | Reached skill level 10 in Dodging
 11861 | Lair:2   | XOM: 2-stop teleportation journey
 11871 | Lair:2   | XOM: silly message
 12020 | Lair:2   | Found a sparkling altar of Nemelex Xobeh.
 12137 | Lair:3   | XOM: confuse monster(s)
 12143 | Lair:3   | Reached XP level 14. HP: 101/101 MP: 0/0
 12234 | Lair:3   | Found a staircase to the Shoals.
 12392 | Lair:3   | Found a hole to the Spider Nest.
 12690 | Lair:3   | XOM: divination: magic mapping
 12786 | Lair:3   | XOM: summons friendly crimson imp
 12915 | Lair:4   | XOM: silly message
 13019 | Lair:4   | XOM: divination: detect creatures
 13357 | Lair:4   | XOM: potion effect (might)
 13363 | Lair:4   | XOM: potion effect (brilliance)
 13383 | Lair:4   | XOM: summons 2 friendly demons
 13385 | Lair:4   | Reached skill level 1 in Shapeshifting
 13761 | Lair:5   | Entered Level 5 of the Lair of Beasts
 13793 | Lair:5   | Reached skill level 10 in Fighting
 13938 | Lair:5   | XOM: potion effect (brilliance)
 13943 | Lair:5   | XOM: cast spell 'Olgreb's Toxic Radiance'
 14103 | Lair:5   | Found a staircase to the Slime Pits.
 14200 | Lair:5   | Found a viscous altar of Jiyva.
 14273 | Lair:5   | XOM: give mutation
 14273 | Lair:5   | Lost mutation: You are partially covered in iridescent
                  | scales. (AC +2) [Xom's mischief]
 14297 | Lair:5   | XOM: give mutations
 14297 | Lair:5   | Lost mutation: You are mostly covered in large bone plates.
                  | (SH +6) [Xom's mischief]
 14298 | Lair:5   | XOM: god gift: 535 gold pieces
 14440 | Lair:5   | XOM: summons friendly crimson imp
 14442 | Lair:5   | XOM: enchant monster (bad)
 14485 | Lair:5   | XOM: scenery: create altars
 14489 | Lair:5   | XOM: scenery: create altars
 14500 | Lair:5   | Reached XP level 15. HP: 70/107 MP: 0/0
 14500 | Lair:5   | Learned a level 6 spell: Death Channel
 14586 | Lair:5   | Identified the staff of Solet {rC+ Will+ Dex-2 Summ Earth}
 14608 | Lair:5   | Reached skill level 11 in Dodging
 14675 | Lair:5   | XOM: scenery: create altars
 14687 | Lair:5   | Reached skill level 10 in Armour
 14703 | Lair:5   | Found a corrupted altar of Lugonu.
 14703 | Lair:5   | Found a one-way gate to the infinite horrors of the Abyss.
 14879 | Lair:5   | XOM: give mutations
 14879 | Lair:5   | Gained mutation: Your mind is acute. (Int +4, Str/Dex -1)
                  | [Xom's grace]
 14879 | Lair:5   | Gained mutation: You passively map a small area around you.
                  | [Xom's grace]
 15046 | D:8      | XOM: give mutation
 15046 | D:8      | Gained mutation: You are strong-willed. (Will+) [Xom's
                  | grace]
 15081 | Orc:1    | Entered Level 1 of the Orcish Mines
 15205 | Orc:1    | XOM: 1-stop teleportation journey
 15405 | Orc:1    | XOM: noise
 15420 | Orc:1    | Noticed an orc warlord
 15431 | Orc:1    | Found a transporter.
 15508 | Orc:1    | XOM: potion effect (attraction)
 15567 | Orc:1    | Found a transporter.
 15743 | Orc:2    | Entered Level 2 of the Orcish Mines
 15743 | Orc:2    | Found Yliduen's Antique Armour Boutique.
 15805 | Orc:1    | Reached skill level 5 in Shapeshifting
 15827 | Orc:2    | Found a staircase to the Elven Halls.
 15827 | Orc:2    | Found Doukh's Book Emporium.
 15827 | Orc:2    | Found Imuam's Jewellery Shop.
 15827 | Orc:2    | XOM: 3-stop teleportation journey
 15878 | Orc:2    | Found Koumpotzo's Magic Scroll Shop.
 16028 | Orc:2    | Bought a scroll of blinking for 82 gold pieces
 16028 | Orc:2    | Bought a scroll of fear for 44 gold pieces
 16028 | Orc:2    | Bought a scroll of fear for 44 gold pieces
 16028 | Orc:2    | Bought a scroll of revelation for 82 gold pieces
 16149 | Orc:2    | Bought a runed cloak for 202 gold pieces
 16323 | D:12     | XOM: potion effect (berserk rage)
 16381 | D:12     | Reached skill level 10 in Long Blades
 16480 | D:12     | Found Xing's Distillery.
 16879 | D:13     | XOM: repel stairs
 16980 | D:13     | XOM: noise
 16990 | D:13     | XOM: chaos upgrade
 17004 | D:13     | XOM: 2-stop teleportation journey
 17017 | D:13     | XOM: summons friendly ufetubus
 17025 | D:13     | XOM: silly message
 17026 | D:13     | XOM: swap monsters
 17034 | D:13     | XOM: silly message
 17044 | D:13     | Reached XP level 16. HP: 96/115 MP: 0/0
 17050 | D:13     | Reached skill level 10 in Spellcasting
 17050 | D:13     | Reached skill level 10 in Conjurations
 17050 | D:13     | Reached skill level 10 in Hexes
 17050 | D:13     | Reached skill level 10 in Summonings
 17050 | D:13     | Reached skill level 10 in Necromancy
 17050 | D:13     | Reached skill level 10 in Translocations
 17050 | D:13     | Reached skill level 10 in Transmutations
 17050 | D:13     | Reached skill level 10 in Fire Magic
 17050 | D:13     | Reached skill level 10 in Ice Magic
 17050 | D:13     | Reached skill level 10 in Air Magic
 17050 | D:13     | Reached skill level 10 in Earth Magic
 17050 | D:13     | Reached skill level 10 in Poison Magic
 17091 | D:13     | XOM: chaos cloud
 17358 | D:14     | XOM: 1-stop teleportation journey
 17363 | D:14     | XOM: god gift: falchion {god gift}
 17569 | D:14     | XOM: enchant monster (good)
 17838 | D:14     | XOM: summons 2 hostile demons
 18155 | D:15     | Entered Level 15 of the Dungeon
 18243 | D:15     | XOM: cast spell 'Summon Cactus Giant'
 18273 | D:15     | Reached skill level 12 in Dodging
 18346 | D:15     | XOM: give mutations
 18346 | D:15     | Gained mutation: You have hidden genetic potential. [Xom's
                  | grace]
 18346 | D:15     | Lost mutation: You have hidden genetic potential. [Xom's
                  | grace]
 18346 | D:15     | Gained mutation: You are somewhat resistant to further
                  | mutation. [Xom's grace]
 18370 | D:15     | XOM: god gift: 13 gold pieces
 18461 | D:15     | XOM: silly message
 18482 | D:15     | Found a hazy altar of Hepliaklqana.
 18491 | D:15     | XOM: fog
 18797 | D:15     | Found a staircase to the Depths.
 18852 | D:15     | XOM: fake destruction
 19076 | D:10     | XOM: scenery: summon butterflies
 19230 | Spider:1 | Entered Level 1 of the Spider Nest
 19373 | Spider:1 | XOM: scenery: create altars
 19383 | Spider:1 | XOM: divine lightning
 19392 | Spider:1 | XOM: divination: detect creatures
 19428 | Spider:1 | XOM: smoke on damage
 19442 | Spider:1 | XOM: fog
 19644 | Spider:1 | XOM: draining
 19811 | Spider:1 | XOM: scenery: create altars
 19877 | Spider:1 | XOM: polymorph jumping spider -> black mamba
 19879 | Spider:1 | XOM: cleaving
 19881 | Spider:1 | XOM: polymorph black mamba -> glass eye
 19944 | Spider:1 | Reached XP level 17. HP: 110/111 MP: 0/0
 19944 | Spider:1 | Learned a level 6 spell: Eringya's Noxious Bog
 19960 | Spider:1 | XOM: summons 4 hostile shadow creatures
 20098 | Spider:1 | XOM: give mutations
 20098 | Spider:1 | Lost mutation: You are somewhat resistant to further
                  | mutation. [Xom's mischief]
 20098 | Spider:1 | Gained mutation: Your natural rate of healing is unusually
                  | fast. [Xom's mischief]
 20098 | Spider:1 | Lost mutation: Your spells are a little harder to cast, but
                  | a little more powerful. [Xom's mischief]
 20098 | Spider:1 | Lost mutation: You passively map a small area around you.
                  | [Xom's mischief]
 20165 | Spider:1 | XOM: give mutations
 20165 | Spider:1 | Gained mutation: Your mind is very acute. (Int +8, Str/Dex
                  | -2) [Xom's grace]
 20165 | Spider:1 | Gained mutation: You are highly strong-willed. (Will++)
                  | [Xom's grace]
 20193 | Spider:2 | Identified the +0 leather armour of Coaqab {+Inv rC+ SInv}
 20215 | Spider:2 | XOM: confuse monster(s)
 20434 | Spider:2 | XOM: cast spell 'Summon Dragon'
 20463 | Spider:2 | XOM: noise
 20710 | Spider:2 | XOM: god gift: scroll of vulnerability
 20906 | Spider:3 | XOM: summons friendly iron imp
 20910 | Spider:3 | XOM: silly message
 20951 | Spider:3 | XOM: silly message
 21093 | Spider:3 | Noticed Jorgrun
 21100 | Spider:3 | Killed Jorgrun
 21251 | Spider:3 | Reached skill level 13 in Dodging
 21268 | Spider:3 | XOM: silly message
 21369 | Spider:3 | XOM: cast spell 'Olgreb's Toxic Radiance'
 21471 | Spider:4 | Entered Level 4 of the Spider Nest
 21493 | Spider:4 | XOM: potion effect (brilliance)
 21707 | Spider:4 | XOM: divination: detect creatures
 21740 | Spider:4 | Reached XP level 18. HP: 130/130 MP: 0/0
 21749 | Spider:4 | XOM: potion effect (might)
 21801 | Spider:4 | XOM: destruction
 21803 | Spider:4 | Reached skill level 10 in Shields
 21967 | Spider:4 | Got a gossamer rune of Zot
 22073 | Spider:4 | Found a runed translucent door.
 22073 | Spider:4 | Noticed questionabletactics's ghost (adept BaCA)
 22141 | Spider:4 | XOM: scenery: create altars
 22161 | Spider:4 | XOM: summons 16 friendly demons
 22163 | Spider:4 | XOM: confuse monster(s)
 22219 | Spider:4 | Killed questionabletactics's ghost
 22354 | Lair:1   | XOM: scenery: 1 doors close
 22495 | Vaults:1 | Identified the of Ydime
 22495 | Vaults:1 | Entered Level 1 of the Vaults
 22503 | Vaults:1 | XOM: cleaving
 22525 | Vaults:1 | XOM: 7-stop teleportation journey
 22700 | Vaults:1 | XOM: cast spell 'Discord'
 22712 | Vaults:1 | XOM: 4-stop teleportation journey
 22840 | Vaults:1 | XOM: cloud trail
 22958 | Vaults:1 | XOM: cleaving
 23040 | Vaults:1 | a vault warden changed into a quicksilver dragon
 23040 | Vaults:1 | Noticed a quicksilver dragon
 23040 | Vaults:1 | XOM: polymorph vault warden -> quicksilver dragon
 23041 | Vaults:1 | XOM: cast spell 'Cause Fear'
 23057 | Vaults:1 | Killed a quicksilver dragon
 23397 | Vaults:1 | XOM: noise
 23428 | Vaults:1 | XOM: divination: detect items
 23437 | Vaults:1 | XOM: enchant monster (bad)
 23439 | Vaults:1 | XOM: cast spell 'Summon Hydra'
 23536 | Vaults:1 | Identified the +0 chain mail "Jupiddawe" {Dex+4 Stlth-}
 23608 | Vaults:2 | Identified the +0 scale mail "Gifeum" {rF+ Will++ Regen+}
 23648 | Vaults:2 | Found a portal to a secret trove of treasure.
 23746 | Vaults:2 | XOM: cast spell 'Dispersal'
 23809 | Vaults:2 | XOM: divine lightning
 23848 | Vaults:2 | XOM: divine lightning
 23859 | Vaults:2 | XOM: polymorph ironbound thunderhulk -> shapeshifter
 23864 | Vaults:2 | Reached XP level 19. HP: 122/138 MP: 0/0
 23864 | Vaults:2 | Learned a level 7 spell: Malign Gateway
 23992 | Vaults:2 | XOM: cleaving
 23997 | Vaults:2 | Reached skill level 14 in Dodging
 24036 | Vaults:2 | XOM: god gift: 40 gold pieces
 24086 | Vaults:2 | Found a staircase to the Crypt.
 24086 | Vaults:2 | Found a basalt altar of Yredelemnul.
 24147 | Vaults:2 | Found Weino's Weapon Boutique.
 24284 | Vaults:2 | XOM: cleaving
 24393 | Vaults:2 | XOM: cast spell 'Summon Ice Beast'
 24404 | Vaults:2 | Acquired 601 gold pieces
 24447 | Vaults:2 | XOM: divine lightning
 24927 | Vaults:3 | XOM: polymorph slime creature -> water nymph
 24977 | Vaults:3 | XOM: confuse monster(s)
 24984 | Vaults:3 | Identified the +0 hand axe "Yrasm" {freeze, rPois Will+
                  | MP-9 Int+4}
 25026 | Vaults:3 | XOM: summons friendly ufetubus
 25250 | Vaults:3 | XOM: smoke on damage
 25272 | Vaults:3 | XOM: fog
 25303 | Vaults:3 | XOM: silly message
 25369 | Vaults:3 | XOM: divination: magic mapping
 25509 | Vaults:3 | XOM: potion effect (attraction)
 25591 | Vaults:3 | XOM: silly message
 25650 | Vaults:3 | XOM: divination: detect creatures
 25708 | Vaults:3 | You are sucked into a shaft and drop 1 floor!
 25893 | Vaults:3 | Found a huge runed gate.
 25893 | Vaults:3 | Found a huge runed gate.
 25893 | Vaults:3 | Found a huge runed gate.
 25894 | Vaults:3 | Found a huge runed gate.
 25895 | Vaults:3 | Found a huge runed gate.
 25922 | Vaults:3 | Found a huge runed gate.
 25924 | Vaults:3 | Found a huge runed gate.
 25924 | Vaults:3 | Found a huge runed gate.
 25924 | Vaults:3 | Found a huge runed gate.
 25924 | Vaults:3 | Found a huge runed gate.
 25927 | Vaults:3 | Found a huge runed gate.
 25927 | Vaults:3 | Found a huge runed gate.
 25927 | Vaults:3 | Found a huge runed gate.
 25927 | Vaults:3 | Found a huge runed gate.
 25927 | Vaults:3 | Found a huge runed gate.
 25927 | Vaults:3 | Found a huge runed gate.
 25928 | Vaults:3 | Found a huge runed gate.
 25929 | Vaults:3 | Found a huge runed gate.
 25930 | Vaults:3 | Found a huge runed gate.
 25938 | Vaults:3 | Found a huge runed gate.
 25938 | Vaults:3 | Found a huge runed gate.
 25938 | Vaults:3 | Found a huge runed gate.
 25938 | Vaults:3 | Found a huge runed gate.
 25938 | Vaults:3 | Found a huge runed gate.
 25938 | Vaults:3 | Found a huge runed gate.
 25939 | Vaults:3 | Found a huge runed gate.
 25940 | Vaults:3 | Found a huge runed gate.
 25941 | Vaults:3 | Found a huge runed gate.
 25949 | Vaults:3 | Found a huge runed gate.
 25949 | Vaults:3 | Found a huge runed gate.
 25949 | Vaults:3 | Found a huge runed gate.
 25949 | Vaults:3 | Found a huge runed gate.
 25949 | Vaults:3 | Found a huge runed gate.
 25949 | Vaults:3 | Found a huge runed gate.
 25950 | Vaults:3 | Found a huge runed gate.
 25958 | Vaults:3 | Reached XP level 20. HP: 128/146 MP: 0/0
 25979 | Vaults:3 | Found a huge runed gate.
 26052 | Vaults:3 | XOM: divine lightning
 26250 | Vaults:3 | XOM: cleaving
 26409 | Vaults:3 | XOM: enchant monster (good)
 26421 | Vaults:3 | XOM: scenery: 1 doors close
 26502 | Vaults:3 | XOM: cleaving
 26504 | Vaults:3 | XOM: 5-stop teleportation journey
 26579 | Vaults:3 | XOM: divination: magic mapping
 26609 | Vaults:3 | XOM: god gift: 6 gold pieces
 26707 | Vaults:4 | XOM: swap monsters
 26707 | Vaults:4 | XOM: butterfly on damage
 26781 | Vaults:4 | Identified the +8 trident "Luiveac" {holy, rF+}
 26975 | Vaults:4 | XOM: enchant monster (bad)
 26982 | Vaults:4 | XOM: 1-stop teleportation journey
 26987 | Vaults:4 | XOM: cast spell 'Cause Fear'
 27009 | Vaults:4 | XOM: noise
 27075 | Vaults:4 | XOM: cast spell 'Summon Small Mammal'
 27100 | Vaults:4 | Reached skill level 15 in Dodging
 27106 | Vaults:4 | XOM: noise
 27110 | Vaults:4 | XOM: blink monster(s)
 27125 | Vaults:4 | Identified the +3 hand axe of Departure {drain, rC+ Dex+3}
 27130 | Vaults:4 | XOM: summons friendly ufetubus
 27142 | Vaults:4 | Identified the ring "Ahieh" {Ice Stlth+}
 27143 | Vaults:4 | Identified the +1 scale mail "Linuvel" {*Corrode rF- Str+6
                  | Dex+8}
 27197 | Vaults:4 | XOM: 4-stop teleportation journey
 27276 | Vaults:4 | XOM: summons 4 friendly demons
 27285 | Vaults:4 | XOM: noise
 27300 | Vaults:4 | Found Zigyal's Armour Shoppe.
 27587 | Vaults:4 | XOM: noise
 27612 | Vaults:4 | XOM: 3-stop teleportation journey
 27823 | Vaults:5 | Identified the "Teumago"
 27823 | Vaults:5 | Entered Level 5 of the Vaults
 27827 | Vaults:5 | Reached XP level 21. HP: 148/152 MP: 0/0
 27827 | Vaults:5 | Learned a level 8 spell: Disjunction
 27939 | Vaults:5 | XOM: noise
 27955 | Vaults:4 | XOM: silly message
 28048 | Vaults:5 | XOM: cast spell 'Leda's Liquefaction'
 28111 | Vaults:4 | XOM: smoke on damage
 28173 | Vaults:5 | XOM: cast spell 'Summon Ice Beast'
 28176 | Vaults:5 | XOM: butterfly on damage
 28180 | Vaults:5 | XOM: enchant monster (good)
 28194 | Vaults:4 | XOM: cloud trail
 28232 | Vaults:5 | XOM: silly message
 28270 | Vaults:5 | Identified the orb "Nasecs" {guile, rC- rN++ rCorr Int-2}
 28271 | Vaults:5 | Noticed an ancient lich
 28297 | Vaults:5 | XOM: 1-stop teleportation journey
 28316 | Vaults:5 | XOM: divination: magic mapping
 28382 | Vaults:5 | XOM: god gift: 18 gold pieces
 28414 | Vaults:5 | XOM: silly message
 28543 | Vaults:5 | Noticed an ancient lich
 28545 | Vaults:5 | XOM: cast spell 'Olgreb's Toxic Radiance'
 28552 | Vaults:5 | XOM: butterfly on damage
 28623 | Vaults:5 | XOM: 1-stop teleportation journey
 28645 | Vaults:5 | Identified the ring "Impeuf" {rPois rCorr Slay+3}
 28648 | Vaults:5 | Got a silver rune of Zot
 28758 | Vaults:5 | XOM: potion effect (attraction)
 28762 | Vaults:5 | Killed an ancient lich
 28765 | Vaults:5 | XOM: cast spell 'Death Channel'
 28767 | Vaults:5 | XOM: summons 4 friendly demons
 28780 | Vaults:5 | Killed an ancient lich
 28805 | Vaults:5 | Identified the staff "Loyfyut" {rF+ Dex+5 Fire}
 28923 | Vaults:5 | XOM: scenery: create altars
 28951 | Vaults:5 | Identified the +5 helmet of Ignis's Condemnation {rN++}
 29018 | Vaults:5 | XOM: cast spell 'Summon Dragon'
 29040 | Vaults:5 | XOM: polymorph ice dragon -> torpor snail
 29078 | Vaults:5 | XOM: polymorph torpor snail -> swamp dragon
 29101 | Vaults:5 | XOM: enchant monster (good)
 29105 | Vaults:5 | Reached XP level 22. HP: 132/157 MP: 0/0
 29111 | Vaults:5 | Reached skill level 16 in Dodging
 29388 | Vaults:5 | XOM: god gift: 227 gold pieces
 29632 | Vaults:3 | XOM: stat loss: -1 Int (19/20)
 29635 | Vaults:3 | XOM: give mutations
 29635 | Vaults:3 | Lost mutation: You have a somewhat thin skeletal structure.
                  | (Dex +2, Stealth+) [Xom's mischief]
 29635 | Vaults:3 | Lost mutation: Your natural rate of healing is unusually
                  | fast. [Xom's mischief]
 29635 | Vaults:3 | Gained mutation: You do not regenerate when monsters are
                  | visible. [Xom's mischief]
 29635 | Vaults:3 | Lost mutation: You do not regenerate when monsters are
                  | visible. [Xom's mischief]
 29635 | Vaults:3 | Lost mutation: You are partially covered in large bone
                  | plates. (SH +4) [Xom's mischief]
 29689 | Crypt:1  | Entered Level 1 of the Crypt
 29831 | Crypt:1  | XOM: give mutation
 29831 | Crypt:1  | Gained mutation: You are extremely strong-willed. (Will+++)
                  | [Xom's grace]
 29838 | Crypt:1  | XOM: enchant monster (good)
 29875 | Crypt:1  | XOM: fog
 29882 | Crypt:1  | XOM: cleaving
 29903 | Crypt:1  | Reached skill level 15 in Fighting
 29975 | Crypt:1  | XOM: summons friendly rust devil
 30318 | Crypt:1  | XOM: divine lightning
 30551 | Crypt:1  | XOM: scenery: create altars
 30688 | Crypt:2  | XOM: destruction
 30732 | Crypt:2  | XOM: smoke on damage
 30735 | Crypt:2  | XOM: divination: magic mapping
 30773 | Crypt:2  | Reached skill level 10 in Shapeshifting
 30776 | Crypt:2  | XOM: 8-stop teleportation journey
 30821 | Crypt:2  | XOM: fog
 30945 | Crypt:2  | XOM: cleaving
 30947 | Crypt:2  | XOM: god gift: 3 stones
 30955 | Crypt:2  | XOM: 1-stop teleportation journey
 31049 | Crypt:2  | XOM: summons friendly white imp
 31053 | Crypt:2  | XOM: destruction
 31201 | Crypt:2  | Reached skill level 15 in Armour
 31328 | Crypt:2  | XOM: give mutations
 31328 | Crypt:2  | Gained mutation: You are partially covered in iridescent
                  | scales. (AC +2) [Xom's grace]
 31328 | Crypt:2  | Gained mutation: Your movements are slightly less
                  | encumbered by armour. (ER -2) [Xom's grace]
 31509 | Crypt:3  | Identified the of Qosuf
 31509 | Crypt:3  | Entered Level 3 of the Crypt
 31564 | Crypt:3  | Identified the ring "Amood" {rN+ Will+ Slay+2}
 31573 | Crypt:3  | Identified the ring of Uxis Vys {rN+ Int+3}
 31573 | Crypt:3  | Identified the amulet of Yendor {rF++ Regen+ Int+4}
 31573 | Crypt:3  | Identified the ring of the Kodama {rN+ Str+6}
 31744 | Crypt:3  | XOM: cast spell 'Alistair's Intoxication'
 31793 | Crypt:3  | XOM: polymorph reaper -> cacodemon
 31828 | Crypt:3  | XOM: enchant monster (good)
 31897 | Crypt:3  | Found the +8 storm bow {elec, penet}
 31899 | Crypt:3  | Noticed an ancient lich
 31899 | Crypt:3  | Noticed an ancient lich
 31917 | Crypt:3  | XOM: summons friendly ufetubus
 31921 | Crypt:3  | Killed an ancient lich
 31923 | Crypt:3  | XOM: summons 4 friendly demons
 31926 | Crypt:3  | Killed from afar by an ancient lich

Illustrated notes

Levels and vault maps discovered:
D:1:      dpeg_arrival_stone_temple_mockup, layout_loops_ring, serial_shops,
          shop, hangedman_decor_clover_reticule
D:2:      layout_rooms, uniq_robin, uniq_sigmund, uniq_terence
D:3:      minmay_wonky_spiral, layout_basic, serial_shops, shop
D:4:      layout_cave_pools, mainiacjoe_overflow_alcove_2,
          nicolae_uskayaw_en_pointe, cheibrodos_sewer_entry_drain,
          kennysheep_generic_room_12, uniq_ijyb
D:5:      layout_rooms, nicolae_temple_entry_ecumenical, serial_shops,
          nicolae_shop_just_a_little_nook, shop
D:6:      layout_basic, serial_shops, shop, minmay_manual_monstrance
D:7:      layout_rooms, evilmike_ruin_ashenzari,
          nicolae_ru_the_path_less_chosen, gammafunk_ghost_arena, minivault_25,
          uniq_maggie
D:8:      layout_gridville, mainiacjoe_overflow_24_doors,
          hellmonk_lair_entry_icy, enter_ossuary_3, uniq_grum
D:9:      layout_basic, xom_teletrap_fun, mainiacjoe_overflow_large_starburst,
          orc_0_dummy, nicolae_lava_and_water, minmay_circle_x, uniq_jeremiah,
          uniq_joseph
D:10:     layout_loops_ring, elyvilon_altar_3, serial_shops, shop,
          nicolae_houndstooth_variations, uniq_lodul, uniq_sonja
D:11:     layout_irregular_city, uniq_nergalle, uniq_erolcha
D:12:     layout_small_grid, serial_shops, nicolae_shop_industrial_runoff,
          kennysheep_generic_room_6, uniq_azrael
D:13:     layout_cross, erik_vaults_2, serial_shops,
          nicolae_shop_tiny_real_fake_doors, lightli_corner_chamber
D:14:     layout_loops_corners
D:15:     grunt_enter_depths_snipers, layout_loops_ring,
          nicolae_hepliaklqana_hazy_memory
Lair:1:   layout_regular_city, grunt_megastairs_5
Lair:2:   layout_gridlike, lemuel_centaur_altar
Lair:3:   layout_regular_city, elwin_shoals_entry_rooms,
          nicolae_spider_entry_tight_spaces, chequers_serial_rivers_micro_c
Lair:4:   layout_cave_pods, special_room [special_room_bee]
Lair:5:   hellmonk_lair_end_abyssal_woods, layout_cave_pods,
          minmay_slime_entry_jelly_boxes, chequers_serial_rivers_small_3,
          chequers_serial_rivers_large_a
Spider:1: layout_spider_delve
Spider:2: layout_spider_delve
Spider:3: layout_spider_delve, uniq_jorgrun
Spider:4: grunt_spider_rune_parallel, ebering_ghost_reflecting_pool
Orc:1:    gammafunk_beogh_shrine, layout_caves, serial_shops, mines2_david
Orc:2:    st_orc_open, layout_caves
Vaults:1: vaults_dpeg_ring, vaults_room_octagon, ontoclasm_vaults_eye,
          v_misc_17, nicolae_vaults_weapon_check,
          hangedman_vaults_stretched_pinwheel, nicolae_vaults_murder_corner,
          layout_vaults_quadrants
Vaults:2: st_check, minmay_crypt_entry_necro_gods, v_pattern_1,
          nicolae_vaults_house_3, vaults_dpeg_diagonal, dpeg_vaults_monster_box,
          nicolae_vaults_tetromino_T_2, layout_vaults_chaotic_city,
          enter_trove_0, serial_shops, nicolae_shop_bloodbath_and_beyond
Vaults:3: vaults_dpeg_hooks, vaults_room_hallway, v_pattern_5,
          ontoclasm_vaults_chip, v_misc_13, door_vault, v_alt_pattern_2,
          v_misc_29, v_rooms_3, nicolae_vaults_what_the_h,
          nicolae_vaults_trapezoid_4, ontoclasm_vaults_misaligned,
          layout_vaults_ring
Vaults:4: nicolae_vaults_taking_the_gang_shopping, v_misc_23, v_misc_12,
          ontoclasm_vaults_spin, nicolae_vaults_mini_display_case,
          vaults_mumra_hex, v_rooms_6, nicolae_vaults_storing_the_good_stuff,
          ontoclasm_vaults_gateway, nicolae_vaults_theta,
          nicolae_vaults_double_plus_3, hangedman_vaults_impose,
          layout_vaults_omnibox
Vaults:5: serial_shops
Crypt:1:  layout_catacombs, grunt_crypt_arrival_split,
          roderic_lattice_octagonal_star
Crypt:2:  layout_chaotic_city
Crypt:3:  evilmike_haunted_forest

Skill      XL: |  1  2  3  4  5  6  7  8  9 10 11 12 13 14 15 16 17 18 19 20 21 22 |
---------------+-------------------------------------------------------------------+-----
Long Blades    | 3 4 5 6 7 8 9 10 11 12 13 14 | 14.2
Spellcasting   | 1 2 3 4 5 6 7 8 9 10 11 12 13 | 13.6
Conjurations   | 1 2 3 4 5 6 7 8 9 10 11 12 13 | 13.6
Hexes          | 1 2 3 4 5 6 7 8 9 10 11 12 13 | 13.6
Summonings     | 1 2 3 4 5 6 7 8 9 10 11 12 13 | 13.6
Necromancy     | 1 2 3 4 5 6 7 8 9 10 11 12 13 | 13.6
Translocations | 1 2 3 4 5 6 7 8 9 10 11 12 13 | 13.6
Transmutations | 1 2 3 4 5 6 7 8 9 10 11 12 13 | 13.6
Fire Magic     | 1 2 3 4 5 6 7 8 9 10 11 12 13 | 13.6
Ice Magic      | 1 2 3 4 5 6 7 8 9 10 11 12 13 | 13.6
Air Magic      | 1 2 3 4 5 6 7 8 9 10 11 12 13 | 13.6
Earth Magic    | 1 2 3 4 5 6 7 8 9 10 11 12 13 | 13.6
Poison Magic   | 1 2 3 4 5 6 7 8 9 10 11 12 13 | 13.6
Armour         | 2 3 4 5 6 7 8 9 10 11 12 13 14 15 | 15.1
Dodging        | 3 4 5 6 7 8 9 10 11 12 13 14 15 16 | 16.5
Fighting       | 4 5 6 7 8 9 10 11 12 13 14 15 | 15.4
Evocations     | 2 4 5 6 7 |  7.0
Shields        | 2 3 5 6 7 8 9 10 11 12 13 | 13.6
Shapeshifting  | 3 5 7 8 9 10 | 10.2

Action                     |  1- 3 |  4- 6 |  7- 9 | 10-12 | 13-15 | 16-18 | 19-21 | 22-24 || total
---------------------------+-------+-------+-------+-------+-------+-------+-------+-------++-------
  Melee: Falchion          |    91 |   163 |   405 |   439 |       |       |       |       ||  1098
         Punch             |     1 |     4 |     7 |    10 |       |       |       |       ||    22
         Long sword        |       |       |       |   457 |   266 |       |       |       ||   723
         Double sword      |       |       |       |       |   882 |  1117 |   914 |   629 ||  3542
   Cast: Summon Ice Beast  |       |       |       |     2 |     2 |     1 |       |     1 ||     6
         Lee's Rapid Decon |       |       |       |       |     3 |       |     2 |     2 ||     7
         Petrify           |       |       |       |       |     2 |       |       |       ||     2
         Ignite Poison     |       |       |       |       |       |    12 |    61 |     2 ||    75
         Eringya's Noxious |       |       |       |       |       |     7 |    23 |     2 ||    32
         Death Channel     |       |       |       |       |       |     2 |     5 |     1 ||     8
  Evoke: Wand              |       |       |       |     7 |       |     3 |     1 |       ||    11
    Use: Scroll            |       |     5 |     7 |     6 |    12 |     8 |     5 |       ||    43
         Potion            |       |     3 |       |     3 |       |       |     5 |       ||    11
   Stab: Sleeping          |     1 |     2 |    21 |     5 |    16 |    26 |     9 |     1 ||    81
         Paralysed         |       |     8 |     2 |     3 |     3 |     2 |       |       ||    18
         Petrified         |       |       |     7 |     2 |     3 |     2 |       |     4 ||    18
         Confused          |       |       |     2 |     3 |     7 |     1 |       |       ||    13
         Petrifying        |       |       |     1 |     1 |       |       |       |       ||     2
         Invisible         |       |       |       |    18 |       |       |     2 |       ||    20
         Distracted        |       |       |       |     3 |     1 |     4 |    13 |     2 ||    23
 Armour: Leather armour    |    72 |   138 |   211 |     7 |       |       |       |       ||   428
         Acid dragon scale |       |       |       |   284 |   368 |   496 |   367 |   180 ||  1695
  Dodge: Dodged            |    91 |   136 |   274 |   799 |  1340 |  1450 |   900 |   665 ||  5655
  Block: Other             |       |     7 |    99 |   130 |       |       |       |       ||   236
         Kite shield       |       |       |       |   281 |  1565 |  1384 |   904 |   516 ||  4650

Table legend: (Time is in decaauts)
 A = Elapsed time spent in this place.
 B = Non-inter-level travel time spent in this place.
 C = Inter-level travel time spent in this place.
 D = Time resting spent in this place.
 E = Time spent auto-exploring this place.
 F = Levels seen in this place.
 G = Mean time per level.
                   A        B        C        D        E       F      G
               +--------+--------+--------+--------+--------+-----+--------+
         Total |  32326 |  30200 |   2126 |   2145 |  18612 |  36 |  897.9 |
       Dungeon |  13079 |  11842 |   1237 |   1667 |   6804 |  15 |  871.9 |
          Lair |   4986 |   4605 |    381 |      0 |   3221 |   5 |  997.2 |
   Spider Nest |   3129 |   3027 |    102 |     14 |   1924 |   4 |  782.2 |
  Orcish Mines |   1113 |   1045 |     68 |     27 |    754 |   2 |  556.5 |
        Vaults |   7190 |   6906 |    284 |    412 |   4384 |   5 | 1438.0 |
         Crypt |   2186 |   2135 |     51 |     25 |   1284 |   3 |  728.7 |
         Sewer |    182 |    182 |      0 |      0 |    107 |   1 |  182.0 |
       Ossuary |    457 |    457 |      0 |      0 |    134 |   1 |  457.0 |
               +--------+--------+--------+--------+--------+-----+--------+

Top non-repeatable levels by time:
     D:1: 2241 daAuts
Vaults:3: 1643 daAuts
Vaults:4: 1624 daAuts
Vaults:5: 1427 daAuts
Vaults:2: 1378 daAuts
  Lair:5: 1217 daAuts
  Lair:1: 1184 daAuts
Vaults:1: 1115 daAuts
     D:8: 1069 daAuts
Spider:1: 1000 daAuts
 Crypt:1: 987 daAuts
     D:2: 963 daAuts
     D:3: 944 daAuts
    D:13: 942 daAuts
    D:14: 929 daAuts
